cohdb
Replays
Latest Replays
All Replays
Popular Replays
Top Player Replays
Match Explorer
How It Works
Community
CoH3 Stats
Reddit
Sign in to upload your games and track your stats! →
Sign in with Steam
Match 43370754
Unlisted
Match 43370754
Overview
Messages
Build Orders
End
Kettenkrad Recon Vehicle
Construct Infanterie Kompanie
Selects Terror Battlegroup
Selects Machine Gun Camouflage
MG 42 Machine Gun Team
Grenadier Squad
MG 42 Machine Gun Team
Selects Interrogate
Construct Luftwaffe Kompanie
Selects Interrogate
Grenadier Squad
Infanterie Officer Quarters
Jäger Squad
Support Elements
Wirbelwind Flakpanzer
Medical Station
Selects Propaganda Leaflet Drop
Side Skirts
Selects No Quarter
Luftwaffe Officer Quarters
Construct Panzer Kompanie
Stoßtruppen Squad
Pioneer Squad
天之遥
Can't fight fate
LuiSBa
嗷呜嗷
0
0
Comments
sign in to comment!
No comments posted yet!